 Dungeon Crawl Stone Soup version 0.32-a0-913-g739538afd8 (webtiles) character file.

Game seed: 3032285892198926783

181 Autsider the Digger (level 5, -3/28 HPs)
             Began as a Gargoyle Earth Elementalist on Apr 9, 2024.
             Slain by Pikel
             ... wielding a +2 whip of flaming
              (11 damage)
             ... on level 4 of the Dungeon.
             The game lasted 00:04:02 (2929 turns).

Autsider the Digger (Gargoyle Earth Elementalist)   Turns: 2929, Time: 00:04:03

Health: -3/28      AC:  9    Str: 11    XL:     5   Next: 61%
Magic:  0/8        EV: 11    Int: 18    God:
Gold:   229        SH:  0    Dex: 10    Spells: 7/8 levels left

rFire   . . .        e - +0 whip
rCold   . . .        (no shield)
rNeg    + . .        a - +0 robe
rPois   ∞            f - +2 helmet
rElec   +            (no cloak)
rCorr   .            (no gloves)
SInv    .            (no boots)
Will    .....        (no amulet)
Stlth   ++           (no ring)
HPRegen 0.24/turn    (no ring)
MPRegen 0.11/turn

%: no passive effects
@: no status effects
A: sickness immunity, AC +4, negative energy resistance 1, electricity
resistance, torment resistance 1, petrification resistance
a: no special abilities


You were on level 4 of the Dungeon.
You visited 1 branch of the dungeon, and saw 4 of its levels.

You collected 229 gold pieces.

Inventory:

Hand Weapons
 e - a +0 whip (weapon)
Armour
 a - a +0 robe (worn)
 f - a +2 helmet (worn)
Scrolls
 c - 2 scrolls of blinking
 g - a scroll of enchant armour {unknown}
 h - a scroll of teleportation {@r2}
 i - a scroll of immolation {unknown}
Potions
 b - 2 potions of magic
 j - 2 potions of heal wounds
 k - a potion of lignification {unknown}


   Skills:
 - Level 1.5 Dodging
 - Level 2.1 Stealth
 - Level 2.0 Spellcasting
 - Level 1.1 Conjurations
 + Level 7.4 Earth Magic


You had 7 spell levels left.
You knew the following spells:

 Your Spells              Type           Power      Damage    Failure   Level
a - Sandblast             Erth           56%        2d13      1%          1

Your spell library contained the following spells:

 Spells                   Type           Power      Damage    Failure   Level
 Passwall                 Erth           28%        N/A       2%          3
 Stone Arrow              Conj/Erth      34%        3d9       10%         3
 Brom's Barrelling Bould  Conj/Erth      17%        2d4       30%         4
 Petrify                  Alch/Erth      15%        N/A       36%         4


Dungeon Overview and Level Annotations

Branches:
Dungeon (4/15)
 Temple: D:4-7

Altars:

Annotations:
D:4 Pikel


Innate Abilities, Weirdness & Mutations

You are immune to sickness and miasma.
Your stone body is resilient. (AC +4)
You are immune to poison.
You resist negative energy. (rN+)
You are resistant to electric shocks. (rElec)
You are resistant to unholy torment.
You are immune to petrification.


Message History

Pikel burns you.
Casting: Sandblast (safe; 1% risk of failure)
Confirm with . or Enter, or press ? or * to list all spells.
Aiming: Sandblast (safe; 1% risk of failure)
Press: ? - help, Shift-Dir - straight line, f/p - Pikel
Aim: Pikel, wielding a +2 whip of flaming and wearing a +2 robe of cold resistance (moderately wounded, 79% to hit)
The blast of sand hits Pikel.
Pikel is moderately wounded.
The lemure shouts!
Pikel barely misses you.
Casting: Sandblast (safe; 1% risk of failure)
Confirm with . or Enter, or press ? or * to list all spells.
Aiming: Sandblast (safe; 1% risk of failure)
Press: ? - help, Shift-Dir - straight line, f/p - Pikel
Aim: Pikel, wielding a +2 whip of flaming and wearing a +2 robe of cold resistance (moderately wounded, 79% to hit)
The blast of sand hits Pikel.
Pikel is heavily wounded.
Pikel hits you with a +2 whip of flaming.
Pikel burns you. Pikel barely misses you.
You closely miss Pikel.
Pikel is heavily wounded.
Pikel hits you with a +2 whip of flaming.
Pikel burns you.
* * * LOW HITPOINT WARNING * * *
You hit Pikel.
Pikel is heavily wounded.
Pikel hits you with a +2 whip of flaming!
* * * LOW HITPOINT WARNING * * *
Pikel burns you.
* * * LOW HITPOINT WARNING * * *
Casting: Sandblast (safe; 1% risk of failure)
Confirm with . or Enter, or press ? or * to list all spells.
Aiming: Sandblast (safe; 1% risk of failure)
Press: ? - help, Shift-Dir - straight line, f/p - Pikel
Aim: Pikel, wielding a +2 whip of flaming and wearing a +2 robe of cold resistance (heavily wounded, 79% to hit)
The blast of sand hits Pikel!
Pikel is almost dead.
Pikel hits you with a +2 whip of flaming!
You die...
Pikel says, "See you in Hell!"

#.########.# #.# #.#
##K## #.#####
##...#######.#.<.#
#####.....##5........#
............>..#5#.###
...5......##.#.#5#.#
#.##......##.#.#K#.#
#.#####.#.##)#.#@#.#
K.# #.#.##)#.#.#.# ###
#....).....#.#
##.###.#.###.# . #.#.#
#.# #. #.#.. ###


You could see Pikel and 2 lemures.

Vanquished Creatures
  An orc priest (D:3)
  An orc wizard (D:4)
  A gnoll (D:1)
  2 adders
  2 dart slugs (D:1)
  5 ribbon worms
  14 orcs
  6 ball pythons
  5 bats
  4 endoplasms
  A giant cockroach (D:1)
  A goblin (D:1)
  8 hobgoblins
  2 jackals (D:1)
  3 quokkas
  3 frilled lizards (D:1)
  4 kobolds
  7 rats
70 creatures vanquished.

Notes
Turn   | Place    | Note
-------+----------+-------------------------------------------
     0 | D:1      | Autsider the Gargoyle Earth Elementalist began the quest
                  | for the Orb.
     0 | D:1      | Reached XP level 1. HP: 10/10 MP: 3/3
   115 | D:1      | Reached skill level 4 in Earth Magic
   123 | D:1      | Reached XP level 2. HP: 12/15 MP: 0/5
   446 | D:1      | Reached skill level 5 in Earth Magic
   446 | D:1      | Reached XP level 3. HP: 19/19 MP: 1/6
  1150 | D:2      | Reached XP level 4. HP: 24/24 MP: 4/7
  1304 | D:2      | Reached skill level 6 in Earth Magic
  2024 | D:3      | Reached XP level 5. HP: 28/28 MP: 4/8
  2670 | D:3      | Reached skill level 7 in Earth Magic
  2886 | D:4      | Noticed a lemure
  2888 | D:4      | Noticed Pikel
  2916 | D:4      | Noticed a lemure
  2929 | D:4      | Slain by Pikel

Illustrated notes

Levels and vault maps discovered:
D:1:      hellmonk_arrival_library, layout_basic
D:2:      layout_loops_ring
D:3:      layout_loops_ring, minivault_11
D:4:      layout_loops_ring, nicolae_overflow_hallway_of_the_gods, uniq_robin,
          uniq_menkaure, uniq_pikel

Skill      XL: |  1  2  3  4  5 |
---------------+----------------+-----
Earth Magic    | 4 5 6 7 |  7.4
Dodging        | |  1.5
Stealth        | |  2.1
Spellcasting   | |  2.0
Conjurations   | |  1.1

Action                     |  1- 3 |  4- 6 || total
---------------------------+-------+-------++-------
  Melee: Unarmed           |    30 |       ||    30
         Punch             |     1 |       ||     1
         Whip              |    30 |     5 ||    35
   Cast: Sandblast         |    35 |    64 ||    99
    Use: Scroll            |       |     3 ||     3
   Stab: Sleeping          |     3 |       ||     3
 Armour: Robe              |    38 |    18 ||    56
  Dodge: Dodged            |    31 |    19 ||    50

Table legend: (Time is in decaauts)
 A = Elapsed time spent in this place.
 B = Non-inter-level travel time spent in this place.
 C = Inter-level travel time spent in this place.
 D = Time resting spent in this place.
 E = Time spent auto-exploring this place.
 F = Levels seen in this place.
 G = Mean time per level.
                   A        B        C        D        E       F      G
               +--------+--------+--------+--------+--------+-----+--------+
         Total |   2981 |   2792 |    189 |      0 |   2350 |   4 |  745.2 |
       Dungeon |   2981 |   2792 |    189 |      0 |   2350 |   4 |  745.2 |
               +--------+--------+--------+--------+--------+-----+--------+

Top non-repeatable levels by time:
     D:1: 1021 daAuts
     D:2: 971 daAuts
     D:3: 838 daAuts
     D:4: 149 daAuts
